 Dungeon Crawl Stone Soup version 0.31-a0-255-g9c3d1c461a (webtiles) character file.

Game seed: 5709195020024708519

102 qw the Shooter (level 4, -6/36 HPs)
             Began as a Minotaur Hexslinger on July 12, 2023.
             Killed from afar by Natasha (12 damage)
             ... with a magic dart
             ... on level 2 of the Dungeon.
             The game lasted 00:00:33 (1079 turns).

qw the Shooter (Minotaur Hexslinger)                Turns: 1079, Time: 00:00:34

Health: -6/36      AC:  5    Str: 12    XL:     4   Next: 50%
Magic:  4/4        EV: 11    Int: 10    God:
Gold:   38         SH:  0    Dex: 15    Spells: 4/5 levels left

rFire   . . .        Y - +1 sling
rCold   . . .        (no shield)
rNeg    + . .        j - +0 ring mail
rPois   .            (helmet restricted)
rElec   .            (no cloak)
rCorr   .            (no gloves)
SInv    .            (no boots)
Will    .....        (no amulet)
Stlth   +            l - ring of positive energy
HPRegen 0.26/turn    (no ring)
MPRegen 0.09/turn

%: no passive effects
@: slowed, very slow
A: horns 2, retaliatory headbutt
a: no special abilities


You were on level 2 of the Dungeon.
You visited 1 branch of the dungeon, and saw 2 of its levels.

You collected 38 gold pieces.


Innate Abilities, Weirdness & Mutations

You have a pair of horns on your head.
You reflexively headbutt those who attack you in melee.


   Skills:
 - Level 2.1 Fighting
 + Level 4.5 Ranged Weapons
 - Level 2.0 Armour
 - Level 2.1 Dodging
 - Level 1.0 Spellcasting
 - Level 2.0 Hexes


You had 4 spell levels left.
You knew the following spells:

 Your Spells              Type           Power      Damage    Failure   Level
a - Slow                  Hex            16%        N/A       32%         1

Your spell library contained the following spells:

 Spells                   Type           Power      Damage    Failure   Level
 Inner Flame              Hex/Fire       2%         N/A       83%         3
 Portal Projectile        Hex/Tloc       4%         N/A       83%         3
 Cause Fear               Hex            2%         N/A       97%         4

Inventory:

Hand Weapons
 Y - a +1 sling (weapon)
Armour
 j - a +0 ring mail (worn)
Jewellery
 l - a ring of positive energy (left hand)
Scrolls
 a - a scroll of acquirement {unknown}
Potions
 f - a potion of attraction {unknown}
 g - 3 potions of curing
 k - a potion of invisibility {unknown}

Dungeon Overview and Level Annotations

Branches:
Dungeon (2/15)

Altars:
The Shining One

Annotations:
D:2 Natasha


Message History

The cerulean imp hits you but does no damage.
You shoot a sling bullet.
The sling bullet closely misses the cerulean imp.
Natasha casts a spell at you. The magic dart hits you.
The cerulean imp barely misses you. x2
You furiously retaliate!
You headbutt the cerulean imp! Natasha closely misses you.
The cerulean imp barely misses you.
You shoot a sling bullet. The sling bullet hits the cerulean imp.
The cerulean imp is almost dead.
The cerulean imp barely misses you.
The cerulean imp hits you from afar with a +1 spear.
Natasha closely misses you. You furiously retaliate!
You headbutt Natasha.
The cerulean imp hits you but does no damage. x2
Natasha claws you.
You shoot a sling bullet.
The sling bullet misses the cerulean imp.
The cerulean imp barely misses you. Natasha closely misses you.
The cerulean imp hits you but does no damage.
The cerulean imp closely misses you.
The cerulean imp hits you from afar with a +1 spear.
Natasha mewls in sadness.
Natasha mumbles some strange words.
You shoot a sling bullet.
The sling bullet hits the cerulean imp but does no damage.
The cerulean imp is almost dead.
The cerulean imp barely misses you. Natasha claws you.
The cerulean imp barely misses you.
The cerulean imp hits you but does no damage.
The cerulean imp hits you from afar with a +1 spear.
The cerulean imp closely misses you. Natasha claws you.
You shoot a sling bullet. The sling bullet hits the cerulean imp.
The cerulean imp is almost dead.
The cerulean imp disappears in a puff of smoke!
The cerulean imp barely misses you. The cerulean imp misses you.
Natasha claws you.
The cerulean imp hits you but does no damage.
The cerulean imp hits you from afar with a +1 spear.
Natasha casts a spell at you. The magic dart hits you!
You die...

#.# ##... .. #... #.##...
.. ...... #.# .... .####
#.. #5ยค##### #......
#####.###5h....#### #......
#.........@###....###......
#......................####
#..........##.....##.....##
#..........###.##.........#
######.#### #.##...#####..
#..# ##..##...####.# ##.#
#......#....)..
#.####.#.#########..
#......#....## ##.


You could see Natasha and 2 cerulean imps.

Vanquished Creatures
  Natasha (twice) (D:2)
  An adder (D:2)
  2 worms
  4 endoplasms
  A giant cockroach (D:1)
  6 goblins
  3 hobgoblins (D:1)
  4 kobolds (D:1)
  4 quokkas (D:1)
  6 ball pythons
  4 frilled lizards (D:1)
  A rat (D:1)
38 creatures vanquished.

Notes
Turn   | Place    | Note
-------+----------+-------------------------------------------
     0 | D:1      | qw the Minotaur Hexslinger began the quest for the Orb.
     0 | D:1      | Reached XP level 1. HP: 16/16 MP: 1/1
     0 | D:1      | 0 ||| qw: Version: 0.3-a-52-g30416fa
     0 | D:1      | 0 ||| qw: Game counter: 6663
     0 | D:1      | 0 ||| qw: Melee chars always use a shield: true
     0 | D:1      | 0 ||| qw: God list: Okawaru
     0 | D:1      | 0 ||| qw: Allow faded altars: false
     0 | D:1      | 0 ||| qw: Do Orc after clearing Dungeon:15 true
     0 | D:1      | 0 ||| qw: Do second Lair branch before Depths: true
     0 | D:1      | 0 ||| qw: Lair rune preference: random
     0 | D:1      | 0 ||| qw: Goals: Normal
     0 | D:1      | 0 ||| PLANNING D:1-11
    53 | D:1      | Found a faded altar of an unknown god.
    59 | D:1      | Reached skill level 3 in Ranged Weapons
    71 | D:1      | Reached XP level 2. HP: 23/23 MP: 2/2
   331 | D:1      | Reached XP level 3. HP: 29/29 MP: 3/3
   538 | D:1      | Found a glowing golden altar of the Shining One.
   540 | D:1      | 540 ||| UPGRADING to +0 leather armour.
   550 | D:1      | 550 ||| DROPPING +0 robe.
   551 | D:1      | 551 ||| UPGRADING to +0 ring mail.
   561 | D:1      | 561 ||| DROPPING +0 leather armour.
   562 | D:1      | 562 ||| UPGRADING to ring of positive energy.
   563 | D:1      | 563 ||| READING scroll labelled SOGEUGY YRENEU.
   564 | D:1      | 564 ||| READING scroll labelled FITAXT CORIAJO.
   565 | D:1      | 565 ||| READING scroll labelled WOEPNA FERHOHECRIO.
   566 | D:1      | 566 ||| READING scroll labelled QAREIPH PEEPP.
   569 | D:1      | 569 ||| DRINKING 4 inky potions.
   570 | D:1      | 570 ||| DRINKING 2 yellow potions.
   571 | D:1      | 571 ||| DROPPING scroll of poison.
   574 | D:1      | 574 ||| DROPPING potion of brilliance.
   598 | D:2      | 598 ||| STAIRDANCE
   678 | D:2      | Reached skill level 4 in Ranged Weapons
   681 | D:2      | HP: 6/29 [poisoned by an adder]
   686 | D:2      | HP: 2/29 [poisoned by an adder]
   819 | D:2      | Noticed Natasha
   830 | D:2      | HP: 7/29 [cerulean imp/+1 spear[Natasha] (2)]
   832 | D:2      | Killed Natasha
   833 | D:2      | Reached XP level 4. HP: 9/36 MP: 4/4
  1022 | D:2      | Noticed Natasha
  1027 | D:2      | Killed Natasha
  1067 | D:2      | Noticed Natasha
  1068 | D:2      | 1068 ||| Stepping ~*~*~tactically~*~*~ (outnumbered).
  1079 | D:2      | HP: 9/36 [Natasha (6)]
  1079 | D:2      | Killed from afar by Natasha

Levels and vault maps discovered:
D:1:      dpeg_arrival_lava_altar, layout_basic,
          hellmonk_ecumenical_altar_lost_god
D:2:      layout_rooms, uniq_natasha

Skill      XL: |  1  2  3 |
---------------+----------+-----
Ranged Weapons | 3 4 |  4.5
Fighting       | 2 |  2.1
Armour         | 2 |  2.0
Dodging        | |  2.1
Spellcasting   | |  1.0
Hexes          | |  2.0

Action                     |  1- 3 |  4- 6 || total
---------------------------+-------+-------++-------
   Fire: Sling             |   100 |    22 ||   122
    Use: Scroll            |     4 |       ||     4
         Potion            |     2 |       ||     2
 Armour: Ring mail         |    12 |     9 ||    21
  Dodge: Dodged            |    20 |    18 ||    38

Table legend:
 A = Non-vault XP
 B = Vault XP
 C = Vault XP percentage of total XP
 D = Non-vault monster count
 E = Vault monster count
 F = Vault count percentage of total count
                 A         B        C        D         E       F
            +---------+---------+-------+---------+---------+-------
      Total |     112 |      35 |  23.8 |      37 |       1 |   2.6
            +---------+---------+-------+---------+---------+-------
        D:1 |      53 |       0 |   0.0 |      29 |       0 |   0.0
        D:2 |      59 |      35 |  37.2 |       8 |       1 |  11.1
            +---------+---------+-------+---------+---------+-------
